 Dungeon Crawl Stone Soup version 0.29.1-1-gd02db6906a (webtiles) character file.

Game seed: 12613015151134589383

228 Icepheonix32 the Changer (level 6, 0/64 HPs)
             Began as a Merfolk Transmuter on Oct 3, 2022.
             Succumbed to Sigmund's poison
             ... on level 2 of the Dungeon.
             The game lasted 00:02:09 (1364 turns).

Icepheonix32 the Changer (Merfolk Transmuter)       Turns: 1364, Time: 00:02:10

Health: 0/64       AC: 23    Str:  7 (10) XL:     6   Next: 2%
Magic:  5/10       EV:  2    Int: 13 (15) God:
Gold:   63         SH:  0    Dex: 12 (14) Spells: 4/10 levels left

rFire   . . .      SeeInvis .     - Unarmed
rCold   . . .      Faith    .   (no shield)
rNeg    . . .      Spirit   .   (body armour currently unavailable)
rPois   +          Reflect  .   (helmet currently unavailable)
rElec   .          Harm     .   (cloak currently unavailable)
rCorr   .          Rampage  .   (gloves currently unavailable)
Will    .....      NoTele   +   (boots currently unavailable)
Stlth   ++........              (no amulet)
HPRegen 0.20/turn               c - ring of wizardry
MPRegen 0.12/turn               (no ring)

@: lethally poisoned (0 -> -5), tree-form, attractive
A: stationary, stasis, torment immunity, boosted hp, (nimble swimmer 2),
(mertail)
a: no special abilities


You were on level 2 of the Dungeon.
You were a tree.
You visited 1 branch of the dungeon, and saw 2 of its levels.

You collected 63 gold pieces.

Inventory:

Hand Weapons
 e - a +1 short sword of venom
Armour
 a - a +0 robe (melded)
Jewellery
 c - a ring of wizardry (left branch)
 j - a +4 ring of slaying
Scrolls
 f - a scroll of teleportation {unknown}
Potions
 b - a potion of lignification
 d - a potion of degeneration
 g - a potion of berserk rage {unknown}
 h - a potion of attraction


   Skills:
 + Level 1.2 Fighting
 + Level 3.5 Dodging
 + Level 1.1 Stealth
 + Level 4.8 Unarmed Combat
 + Level 2.6 Spellcasting
 * Level 4.8 Transmutations
 * Level 1.6 Poison Magic


You had 4 spell levels left.
You knew the following spells:

 Your Spells              Type           Power      Damage    Failure   Level
a - Beastly Appendage     Tmut           28%        N/A       1%          1
b - Wereblood             Tmut           14%        N/A       1%          2
c - Spider Form           Tmut/Pois      10%        N/A       8%          3

Your spell library contained the following spells:

 Spells                   Type           Power      Damage    Failure   Level
 Ice Form                 Ice/Tmut       8%         N/A       32%         4


Dungeon Overview and Level Annotations

Branches:
Dungeon (2/15)

Altars:


Innate Abilities, Weirdness & Mutations

You are a tree.
Your roots penetrate the ground, keeping you stationary.
You cannot be teleported.
You are immune to unholy pain and torment.
Your maximum health is greatly increased.
Your equipment is partially melded.
((You are very nimble when in or above water. (Stealth+, EV+, Speed+++)))
((Your lower body shifts to a powerful aquatic tail in water.))


Message History

* * * LOW HITPOINT WARNING * * *
Unknown command.
You feel better.
Sigmund hits you with a +1 scythe of venom.
You are lethally poisoned!
You hit Sigmund.
Sigmund looks as sick as possible!
Sigmund is almost dead.
* * * LOW HITPOINT WARNING * * *
You feel very sick.
You kill Sigmund!
Your Stealth skill increases to level 1!
Your Transmutations skill increases to level 4!
Your Poison Magic skill increases to level 1!
You have reached level 5!
You feel clever.
You have reached level 6!
Your transformation is almost over.
* * * LOW HITPOINT WARNING * * *
You feel very sick.
Things that are here:
a +1 scythe of venom; a +0 robe; a viscous ruby potion It was a potion of degeneration.
There was something very wrong with that liquid.
You feel weakened.
You feel dopey.
You feel clumsy.
* * * LOW HITPOINT WARNING * * *
You feel sick.
Unknown command.
g - a viscous ruby potion
* * * LOW HITPOINT WARNING * * *
You feel sick.
Really quaff the potion of lignification?
Your transformation has ended.
Your +0 robe unmelds from your body.
You turn into a tree.
Your +0 robe melds into your body.
Your roots penetrate the ground.
* * * LOW HITPOINT WARNING * * *
You feel sick.
Unknown command.
It was a potion of attraction.
You feel attractive to monsters.
You die...

# #. ##.### #....#
######
###..#.#######....#####
#..................$...
+.........<.♣.........
#............#....####
...................+
#############.#.†..#
#†#....# #.#........
#.#.........
#.#.........
#.#.........


There were no monsters in sight!

Vanquished Creatures
  Sigmund (D:2)
  A gnoll (D:1)
  2 adders (D:2)
  A dart slug (D:1)
  A bat (D:1)
  4 endoplasms (D:1)
  3 giant cockroaches (D:1)
  3 goblins (D:1)
  3 hobgoblins
  A kobold (D:1)
  2 quokkas
  3 frilled lizards (D:1)
  3 rats (D:1)
28 creatures vanquished.

Notes
Turn   | Place    | Note
-------+----------+-------------------------------------------
     0 | D:1      | Icepheonix32 the Merfolk Transmuter began the quest for the
                  | Orb.
     0 | D:1      | Reached XP level 1. HP: 15/15 MP: 3/3
   136 | D:1      | Reached XP level 2. HP: 13/21 MP: 5/5
   481 | D:1      | Learned a level 2 spell: Wereblood
   633 | D:1      | Reached XP level 3. HP: 25/26 MP: 4/6
  1180 | D:1      | Learned a level 3 spell: Spider Form
  1214 | D:2      | Reached XP level 4. HP: 26/32 MP: 2/7
  1215 | D:2      | Noticed Sigmund
  1359 | D:2      | Killed Sigmund
  1360 | D:2      | Reached skill level 1 in Stealth
  1360 | D:2      | Reached skill level 1 in Poison Magic
  1360 | D:2      | Reached XP level 5. HP: 8/37 MP: 4/9
  1360 | D:2      | Reached XP level 6. HP: 9/43 MP: 4/10
  1362 | D:2      | HP: 1/43 [poisoned by Sigmund]
  1364 | D:2      | Succumbed to Sigmund's poison

Illustrated notes

Levels and vault maps discovered:
D:1:      roderic_chinese_lattice_arrival, layout_rooms,
          nicolae_concentric_dashed_squares_mild, bh_walls_and_bars
D:2:      layout_basic, serial_shops, nicolae_shop_waterfront, uniq_sigmund,
          uniq_jessica

Skill      XL: |  1  2  3  4 |
---------------+-------------+-----
Transmutations | 3 4 |  4.8
Dodging        | 3 |  3.5
Unarmed Combat | 4 |  4.8
Stealth        | 1 |  1.1
Poison Magic   | 1 |  1.6
Fighting       | |  1.2
Spellcasting   | |  2.6

Action                   |  1- 3 |  4- 6 || total
-------------------------+-------+-------++-------
Melee: Unarmed           |    98 |     6 ||   104
       Headbutt          |     7 |       ||     7
       Punch             |     3 |       ||     3
 Cast: Beastly Appendage |    11 |       ||    11
       Spider Form       |     2 |     1 ||     3
  Use: Scroll            |     1 |       ||     1
       Potion            |       |     4 ||     4
 Stab: Sleeping          |     1 |       ||     1
Armor: Robe              |     7 |       ||     7
       Skin              |     1 |       ||     1
Dodge: Dodged            |    68 |     2 ||    70
